 Dungeon Crawl Stone Soup version 0.13-a0-2676-gd993d8a (webtiles) character file.

25 Rycklaryybbe the Firebug (level 1, 6/10 HPs)
             Began as a Gargoyle Fire Elementalist on Aug 12, 2013.
             Quit the game on Level 1 of the Dungeon.
             The game lasted 00:01:50 (245 turns).

Rycklaryybbe the Firebug (GrFE)                      Turns: 245, Time: 00:01:50

HP   6/10        AC  4     Str 11      XL: 1   Next: 80%
MP   0/3         EV 12     Int 15      God:
Gold 20          SH  0     Dex 10      Spells:  1 memorised,  2 levels left

Res.Fire  : . . .   See Invis. : .   e - +0 club
Res.Cold  : . . .   Warding    : .   a - +0 robe
Life Prot.: + . .   Conserve   : .   (no shield)
Res.Poison: +       Res.Corr.  : .   (no helmet)
Res.Elec. : +       Clarity    : .   (no cloak)
Sust.Abil.: . .     Spirit.Shd : .   (no gloves)
Res.Mut.  : .       Stasis     : +   (no boots)
Res.Rott. : +       Flight     : .   f - amulet of stasis {unknown}
Saprovore : . . .                    (no ring)
                                     (no ring)

@: very slightly contaminated, not resistant to hostile enchantments, fairly
stealthy
A: fangs 1, talons 2, life protection 1, electricity resistance, slow metabolism
1, unbreathing, petrification resistance, AC +2
a: no special abilities


You were on level 1 of the Dungeon.
You were not hungry.

You visited 1 branch of the dungeon, and saw 1 of its levels.

Inventory:

Hand weapons
 e - a +0,+0 club (weapon)
Missiles
 d - a throwing net (quivered)
 g - 3 poisoned darts
Armour
 a - a +0 robe (worn)
Comestibles
 c - 2 bread rations
Jewellery
 f - an amulet of stasis (around neck) {unknown}
Books
 b - a book of Flames

   Spells                             Type                      Level
   *Flame Tongue                      Conjuration/Fire             1
   Throw Flame                        Conjuration/Fire             2
   Conjure Flame                      Conjuration/Fire             3
   Inner Flame                        Hexes/Fire                   3
   Sticky Flame                       Conjuration/Fire             4
   Fireball                           Conjuration/Fire             5


   Skills:
 - Level 1.5 Dodging
 - Level 2.1 Stealth
 + Level 1.6 Spellcasting
 - Level 1.1 Conjurations
 - Level 3.0 Fire Magic


You had 2 spell levels left.
You knew the following spells:

 Your Spells              Type           Power        Failure   Level  Hunger
a - Flame Tongue          Conj/Fire      #....        12%         1    ##.....


Dungeon Overview and Level Annotations

Branches:
Dungeon (1/27)

Altars:


Innate Abilities, Weirdness & Mutations

You are resistant to torment.
You are immune to poison.
Your stone body is very resilient (AC +2).
You have very sharp teeth.
You have razor-sharp toenails.
You resist negative energy.
You are resistant to electric shocks.
You have a slow metabolism.
You can survive without breathing.
You are immune to petrification.


Message History

The flame hits the hobgoblin.
You kill the hobgoblin!
Casting: Flame Tongue
Confirm with . or Enter, or press ? or * to list all spells.
You don't have enough magic to cast that spell.
Casting: Flame Tongue
Confirm with . or Enter, or press ? or * to list all spells.
You don't have enough magic to cast that spell.
Casting: Flame Tongue
Confirm with . or Enter, or press ? or * to list all spells.
You don't have enough magic to cast that spell.
Casting: Flame Tongue
Confirm with . or Enter, or press ? or * to list all spells.
You don't have enough magic to cast that spell.
Casting: Flame Tongue
Confirm with . or Enter, or press ? or * to list all spells.
You don't have enough magic to cast that spell.
Quiver which item? (- for none, * to show all) (? for menu, Esc to quit)
Okay, then.
Are you sure you want to abandon this character and quit the game? (Confirm with "yes".)

...........#...
#.......#.###.#
.###...............
................#...
######...#.#.....#
#..............# #
#.##..##.##..### .####
#. #..##.##..###(......
#. #....@.s............
#. #..###(#..##.....##.
#. #..# #.#..# $#.....
#. #..# #.#..##.# #.##
#######.##..###.#.....#
#
#............>.....####
........###.########
#.#####.###.# #.#
##...##.#


You could see a giant cockroach.

Vanquished Creatures
  A goblin (D:1)
  2 hobgoblins (D:1)
  A giant cockroach (D:1)
  A rat (D:1)
5 creatures vanquished.

Notes
Turn   | Place    | Note
--------------------------------------------------------------
     0 | D:1      | Rycklaryybbe, the Gargoyle Fire Elementalist, began the quest for the Orb.
     0 | D:1      | Reached XP level 1. HP: 10/10 MP: 3/3
     0 | D:1      | Noticed a dwarf
     0 | D:1      | Noticed a minotaur
     2 | D:1      | Noticed an ogre
     2 | D:1      | Noticed a troll
     5 | D:1      | Noticed an octopode
     6 | D:1      | Noticed a ghoul
     7 | D:1      | Noticed a spriggan
    10 | D:1      | Noticed a human
    14 | D:1      | Noticed a ghoul
    16 | D:1      | Noticed an ogre
    18 | D:1      | Noticed a centaur
    19 | D:1      | Noticed a felid
   245 | D:1      | Quit the game

Action                   || total
-------------------------++-------
Melee: Club              ||    10
 Cast: Flame Tongue      ||     7
